 Dungeon Crawl Stone Soup version 0.27-a0-1144-g0b7d3b79db (webtiles) character file.

Game seed: 2563587445718197110

1119 sizableburger the Grave Robber (level 8, -1/61 HPs)
             Began as a Human Necromancer on May 11, 2021.
             Was an Initiate of Ru.
             Slain by a killer bee (6 damage)
             ... on level 6 of the Dungeon.
             The game lasted 00:15:13 (7280 turns).

sizableburger the Grave Robber (Human Necromancer)  Turns: 7280, Time: 00:15:14

Health: -1/61      AC:  2    Str:  9    XL:     8   Next: 60%
Magic:  12/12      EV: 12    Int: 23    God:    Ru [......]
Gold:   203        SH:  0    Dex: 14    Spells: 9/13 levels left

rFire    . . .     SeeInvis .   n - +2 flail (vorpal)
rCold    . . .     Faith    .   (no shield)
rNeg     + . .     Spirit   .   a - +0 robe
rPois    .         Reflect  .   (no helmet)
rElec    .         Harm     .   (no cloak)
rCorr    .         Rampage  .   (no gloves)
Will     .....                  (no boots)
Stlth    +.........             (no amulet)
HPRegen  0.20/turn              i - +6 ring of intelligence
MPRegen  0.13/turn              p - ring of positive energy

@: confused, lethally poisoned (-1 -> -13), ambrosia-drunk, hasted, very quick
A: no striking features
a: Renounce Religion


You were on level 6 of the Dungeon.
You worshipped Ru.
Ru was noncommittal.
You visited 2 branches of the dungeon, and saw 7 of its levels.
You also visited: Ossuary.

You collected 203 gold pieces.

Inventory:

Hand Weapons
 n - a +2 vorpal flail (weapon)
Armour
 a - a +0 robe (worn)
 t - a +2 buckler
Jewellery
 i - a +6 ring of intelligence (left hand)
 p - a ring of positive energy (right hand)
Wands
 m - a wand of paralysis (10)
Scrolls
 c - a scroll of magic mapping
 d - a scroll of summoning
 e - 3 scrolls of teleportation
 h - a scroll of enchant armour {unknown}
Potions
 b - a potion of might
 f - 2 potions of brilliance
 j - a potion of ambrosia
 l - a potion of flight {unknown}
 o - a potion of attraction {unknown}
 q - a potion of resistance
 s - a potion of cancellation {unknown}


   Skills:
 + Level 4.6 Fighting
 + Level 4.2 Maces & Flails
 - Level 2.0 Dodging
 - Level 2.0 Stealth
 + Level 3.7 Shields
 - Level 3.1 Spellcasting
 + Level 6.3 Necromancy


You had 9 spell levels left.
You knew the following spells:

 Your Spells              Type           Power      Damage    Failure   Level
a - Pain                  Necr           100%       1d9       1%          1
b - Vampiric Draining     Necr           16%        2d8       2%          3

Your spell library contained the following spells:

 Spells                   Type           Power      Damage    Failure   Level
 Animate Skeleton         Necr           64%        N/A       1%          1
 Animate Dead             Necr           16%        N/A       9%          4
 Agony                    Necr           32%        N/A       24%         5


Dungeon Overview and Level Annotations

Branches:
Dungeon (7/15)             Temple (1/1) D:4         Ossuary (visited)

Altars:
Ashenzari
Cheibriados
Fedhas
Hepliaklqana
Kikubaaqudgha
Okawaru
Ru
Sif Muna
Trog
Uskayaw
Wu Jian
Xom
Yredelemnul
The Shining One

Annotations:
D:4 Pikel


Message History

You closely miss the killer bee.
The killer bee is heavily wounded.
The killer bee closely misses you. The killer bee barely misses you.
The killer bee stings you.
* * * LOW HITPOINT WARNING * * *
You closely miss the killer bee.
The killer bee is heavily wounded.
The killer bee barely misses you. The killer bee misses you.
Casting: Pain (safe; 1% risk of failure)
Confirm with . or Enter, or press ? or * to list all spells.
Aiming: Pain (safe; 1% risk of failure)
Press: ? - help, Shift-Dir - straight line, f/p - killer bee
Aim: a killer bee (heavily wounded, chance to affect: 89%)
The killer bee writhes in agony.
The killer bee stings you but does no damage.
The killer bee misses you.
You feel better. The killer bee stings you!
* * * LOW HITPOINT WARNING * * *
You are lethally poisoned!
The killer bee poisons you! The killer bee misses you.
It was a potion of ambrosia.
You are confused.
You feel invigorated.
* * * LOW HITPOINT WARNING * * *
You feel very sick. The killer bee stings you.
* * * LOW HITPOINT WARNING * * *
The killer bee closely misses you.
It was a potion of haste.
You feel yourself speed up.
You feel sick. The killer bee closely misses you. The killer bee stings you.
* * * LOW HITPOINT WARNING * * *
You are more poisoned.
The killer bee poisons you!
You are too confused!
You're too confused to cast spells.
You bump into the rock wall.
* * * LOW HITPOINT WARNING * * *
You feel very sick. The killer bee stings you.
You die...

#.....### #.......
##.....# ......#
#<....# ##..?.# ######
########.....#
......###....##......#
......#...##.@y.#...<#
.............#########
.........###.#
.....#...###.#
.......)...#.#.
...............
..#.##.......#..
....###......#
..)....>##...#


You could see a killer bee.

Vanquished Creatures
  A bullfrog (D:6)
  11 scorpions
  2 killer bees (D:6)
  A centaur zombie (Ossuary)
  A jelly (D:6)
  An orc wizard (D:3)
  4 scorpion zombies (Ossuary)
  3 mummies (Ossuary)
  3 adders
  An adder skeleton (D:4)
  2 worms
  4 dart slugs
  5 orcs
  4 bats
  3 endoplasms
  2 giant cockroaches
  4 gnoll zombies (Ossuary)
  2 goblins
  7 hobgoblins
  13 jackals
  5 kobolds
  3 quokkas
  6 ball pythons
  2 frilled lizards
  A goblin zombie (Ossuary)
  3 hobgoblin zombies (Ossuary)
  A kobold zombie (Ossuary)
  2 orc zombies (Ossuary)
  7 rats
104 creatures vanquished.

Vanquished Creatures (others)
  A scorpion (Ossuary)
1 creature vanquished.

Grand Total: 105 creatures vanquished

Notes
Turn   | Place    | Note
-------+----------+-------------------------------------------
     0 | D:1      | sizableburger the Human Necromancer began the quest for the
                  | Orb.
     0 | D:1      | Reached XP level 1. HP: 13/13 MP: 3/3
   267 | D:1      | Reached XP level 2. HP: 19/20 MP: 3/5
   461 | D:1      | Reached skill level 1 in Fighting
   864 | D:1      | Reached XP level 3. HP: 13/26 MP: 0/6
  2208 | D:2      | Reached XP level 4. HP: 23/32 MP: 3/7
  2518 | D:2      | Noticed a scorpion
  2522 | D:2      | Killed a scorpion
  2523 | D:2      | Reached skill level 1 in Maces & Flails
  2523 | D:2      | Reached XP level 5. HP: 34/38 MP: 4/9
  3148 | D:3      | Learned a level 3 spell: Vampiric Draining
  3902 | D:3      | Reached XP level 6. HP: 31/46 MP: 6/10
  4337 | D:4      | Found a staircase to the Ecumenical Temple.
  4349 | Temple   | Entered the Ecumenical Temple
  4523 | Temple   | Became a worshipper of Ru the Awakened
  4668 | D:4      | Found a sand-covered staircase.
  4675 | Ossuary  | Entered an ossuary
  4710 | Ossuary  | Reached skill level 1 in Shields
  4710 | Ossuary  | Reached skill level 5 in Necromancy
  5166 | Ossuary  | Reached XP level 7. HP: 52/52 MP: 4/11
  6253 | Ossuary  | Reached XP level 8. HP: 60/60 MP: 3/12
  6387 | Ossuary  | Reached skill level 6 in Necromancy
  6897 | D:4      | Noticed Pikel
  7084 | D:4      | You fall into a shaft and drop 3 floors!
  7280 | D:6      | Slain by a killer bee

Illustrated notes

Levels and vault maps discovered:
D:1:      minmay_arrival_solitary_statue, layout_loops_ring, dk_noncrumbling_2
D:2:      layout_loops_ring
D:3:      layout_basic, minivault_14
D:4:      layout_loops_corners, minmay_temple_entry_large_hall,
          chequers_ossuary_entry_cave, uniq_pikel
D:6:      layout_rooms, grunt_dithmenos_shadows, bh_walls_and_bars
D:7:      layout_basic, chequers_temple_overflow_minitemple,
          kennysheep_little_box, nzn_ghost_randoct
Temple:   regret_index_temple_generic_petals

Skill      XL: |  1  2  3  4  5  6  7  8 |
---------------+-------------------------+-----
Fighting       | 1 2 3 4 |  4.6
Maces & Flails | 1 2 3 4 |  4.2
Spellcasting   | 3 |  3.1
Shields        | 1 3 |  3.7
Necromancy     | 5 6 |  6.3
Dodging        | |  2.0
Stealth        | |  2.0

Action                   |  1- 3 |  4- 6 |  7- 9 || total
-------------------------+-------+-------+-------++-------
Melee: Whip              |    28 |       |       ||    28
       Mace              |       |    17 |       ||    17
       Flail             |       |    32 |    69 ||   101
 Cast: Pain              |    64 |    63 |    46 ||   173
       Vampiric Draining |       |     2 |     9 ||    11
  Use: Potion            |       |     5 |     7 ||    12
       Scroll            |       |       |     3 ||     3
 Stab: Sleeping          |     1 |     2 |       ||     3
       Distracted        |       |       |     1 ||     1
Armor: Robe              |    11 |     9 |    10 ||    30
       Skin              |       |     7 |       ||     7
Dodge: Dodged            |    41 |    48 |    85 ||   174

Table legend: (Time is in decaauts)
 A = Elapsed time spent in this place.
 B = Non-inter-level travel time spent in this place.
 C = Inter-level travel time spent in this place.
 D = Time resting spent in this place.
 E = Time spent auto-exploring this place.
 F = Levels seen in this place.
 G = Mean time per level.
                   A        B        C        D        E       F      G
               +--------+--------+--------+--------+--------+-----+--------+
         Total |   7316 |   7075 |    241 |   3088 |   2881 |   8 |  914.5 |
       Dungeon |   4977 |   4762 |    215 |   1550 |   2628 |   6 |  829.5 |
        Temple |    202 |    176 |     26 |      0 |    119 |   1 |  202.0 |
       Ossuary |   2136 |   2136 |      0 |   1538 |    134 |   1 | 2136.0 |
               +--------+--------+--------+--------+--------+-----+--------+

Top non-repeatable levels by time:
 Ossuary: 2136 daAuts
     D:1: 1837 daAuts
     D:2: 1369 daAuts
     D:3: 1102 daAuts
     D:4: 471 daAuts
  Temple: 202 daAuts
     D:7: 102 daAuts
     D:6: 95 daAuts
